 Dungeon Crawl Stone Soup version 0.31-a0-187-gba352fbbf7 (webtiles) character file.

Game seed: 13348400859555143098

135 qw the Skirmisher (level 4, 0/25 HPs)
             Began as a Deep Elf Hunter on June 22, 2023.
             Succumbed to an orc's poison
             ... on level 3 of the Dungeon.
             The game lasted 00:00:33 (1299 turns).

qw the Skirmisher (Deep Elf Hunter)                 Turns: 1299, Time: 00:00:34

Health: 0/25       AC:  8    Str: 10    XL:     4   Next: 97%
Magic:  6/6        EV: 11    Int: 14    God:
Gold:   110        SH:  0    Dex: 18    Spells: 3/3 levels left

rFire   + . .        Y - +0 shortbow
rCold   . . .        (shield currently unavailable)
rNeg    . . .        h - +2 ring mail {rPois}
rPois   +            e - +0 helmet
rElec   .            (no cloak)
rCorr   .            (no gloves)
SInv    .            (no boots)
Will    .....        (no amulet)
Stlth   +            b - ring of protection from fire
HPRegen 0.24/turn    (no ring)
MPRegen 0.10/turn

%: no passive effects
@: lethally poisoned (0 -> -3)
A: no striking features
a: no special abilities


You were on level 3 of the Dungeon.
You visited 1 branch of the dungeon, and saw 3 of its levels.

You collected 110 gold pieces.


   Skills:
 - Level 1.5 Fighting
 + Level 8.3 Ranged Weapons
 - Level 2.4 Dodging
 - Level 1.2 Stealth


You had 3 spell levels left.
You didn't know any spells.
Your spell library was empty.

Inventory:

Hand Weapons
 Y - a +0 shortbow (weapon)
Armour
 e - a +0 helmet (worn)
 h - a +2 ring mail of poison resistance (worn)
Jewellery
 b - a ring of protection from fire (left hand)
Scrolls
 a - 2 scrolls of identify
 j - a scroll of vulnerability {unknown}
Potions
 c - 2 potions of attraction {unknown}
 d - a potion of resistance
 g - 2 potions of degeneration {unknown}
 i - a potion of berserk rage {unknown}
 k - a potion of magic {unknown}

Dungeon Overview and Level Annotations

Branches:
Dungeon (3/15)

Altars:
Uskayaw


Message History

The orc wizard hits you with a +0 dagger.
The orc wizard hits you but does no damage. x2
The orc hits you from afar with a +0 trident of venom.
The orc completely misses you. The orc wizard casts a spell at you.
You resist with some effort. The orc wizard barely misses you.
The orc hits you from afar with a +0 trident of venom.
You are poisoned.
The orc wizard barely misses you.
The orc wizard hits you but does no damage.
You feel very sick. The orc barely misses you.
The orc wizard mumbles some strange words.
The orc wizard flickers and vanishes!
Deactivating autopickup; reactivate with Ctrl-A.
The orc wizard hits you with a +0 dagger.
You feel very sick. The orc misses you. Something hits you but does no damage.
The orc wizard hits you but does no damage.
You feel less confused.
You feel sick. The orc hits you but does no damage.
The orc wizard hits you but does no damage.
You hear some strange, mumbled words.
A magic dart appears from out of thin air!
The magic dart hits you.
You shoot an arrow.
The arrow hits the orc wizard but does no damage.
The orc wizard is moderately wounded.
You feel sick. The orc closely misses you.
You hear some strange, mumbled words.
A puff of flame appears from out of thin air!
The puff of flame hits you but does no damage.
You resist. The orc wizard closely misses you.
You shoot an arrow. The arrow misses the orc wizard.
You feel sick. The orc barely misses you.
Something hits you but does no damage.
The orc wizard hits you with a +0 dagger.
You shoot an arrow.
The arrow hits the orc wizard but does no damage.
The orc wizard is moderately wounded.
You die...

...#### .... #.....#
....###.....########
#..........#........
#....................
#....%................
####.#..................
........................
.)...)o@................
.....o.{####............
......... ###...........
......"...#.............
##...........#.###..#######
#.........##...#..........#
##..#......................#
#......#####..#...#........#
####.....>###........#........#


You could see an orc wizard and an orc.

Vanquished Creatures
  Natasha (thrice) (D:3)
  2 adders (D:2)
  A worm (D:2)
  3 dart slugs
  2 orcs (D:3)
  5 ball pythons (D:1)
  2 bats
  An endoplasm (D:1)
  2 goblins
  A hobgoblin (D:1)
  4 jackals (D:1)
  2 kobolds
  5 frilled lizards
  4 rats
37 creatures vanquished.

Notes
Turn   | Place    | Note
-------+----------+-------------------------------------------
     0 | D:1      | qw the Deep Elf Hunter began the quest for the Orb.
     0 | D:1      | Reached XP level 1. HP: 12/12 MP: 3/3
     0 | D:1      | 0 ||| qw: Version: 0.3-a-9-g12657ce
     0 | D:1      | 0 ||| qw: Game counter: 2711
     0 | D:1      | 0 ||| qw: Always use a shield: true
     0 | D:1      | 0 ||| qw: God list: Okawaru
     0 | D:1      | 0 ||| qw: Allow faded altars: false
     0 | D:1      | 0 ||| qw: Do Orc after D:15 true
     0 | D:1      | 0 ||| qw: Do second Lair branch before Depths: true
     0 | D:1      | 0 ||| qw: Lair rune preference: random
     0 | D:1      | 0 ||| qw: Plans: Normal
     0 | D:1      | 0 ||| PLANNING D:1-11
   356 | D:1      | Reached XP level 2. HP: 16/16 MP: 4/4
   383 | D:1      | Reached skill level 6 in Ranged Weapons
   576 | D:1      | 576 ||| UPGRADING to +0 ring mail.
   586 | D:1      | 586 ||| DROPPING +0 leather armour.
   587 | D:1      | 587 ||| READING 2 scrolls labelled KADOADD DEGEOT.
   588 | D:1      | 588 ||| DRINKING 2 murky blue potions.
   589 | D:1      | 589 ||| DRINKING 2 inky potions.
   590 | D:1      | 590 ||| DROPPING scroll of butterflies.
   901 | D:2      | Reached XP level 3. HP: 19/20 MP: 5/5
   929 | D:2      | Reached skill level 7 in Ranged Weapons
  1005 | D:2      | 1005 ||| UPGRADING to +0 helmet.
  1010 | D:2      | 1010 ||| UPGRADING to +2 ring mail of poison resistance.
  1020 | D:2      | 1020 ||| DROPPING +0 ring mail.
  1021 | D:2      | 1021 ||| UPGRADING to ring of protection from fire.
  1022 | D:2      | 1022 ||| READING scroll labelled QUPPOASKAH.
  1104 | D:3      | Found a hide-covered altar of Uskayaw.
  1104 | D:3      | Noticed a +0 hand axe
  1105 | D:3      | Noticed a +0 hand axe
  1127 | D:3      | Noticed Natasha
  1134 | D:3      | Killed Natasha
  1135 | D:3      | Reached XP level 4. HP: 22/25 MP: 6/6
  1192 | D:3      | Noticed Natasha
  1203 | D:3      | Killed Natasha
  1204 | D:3      | Reached skill level 8 in Ranged Weapons
  1251 | D:3      | Noticed Natasha
  1260 | D:3      | Killed Natasha
  1288 | D:3      | 1288 ||| DRINKING potion of curing.
  1288 | D:3      | 1288 ||| (to cure confusion)
  1296 | D:3      | HP: 6/25 [poisoned by an orc]
  1298 | D:3      | HP: 2/25 [poisoned by an orc]
  1299 | D:3      | Succumbed to an orc's poison

Levels and vault maps discovered:
D:1:      psy_arrival_terrarium, layout_loops_cross
D:2:      layout_rooms
D:3:      layout_rooms, dancing_weapons_uskayaw, uniq_natasha

Skill      XL: |  1  2  3  4 |
---------------+-------------+-----
Ranged Weapons | 6 7 8 |  8.3
Fighting       | |  1.5
Dodging        | |  2.4
Stealth        | |  1.2

Action                     |  1- 3 |  4- 6 || total
---------------------------+-------+-------++-------
   Fire: Shortbow          |    71 |    44 ||   115
    Use: Potion            |     2 |     1 ||     3
         Scroll            |     2 |       ||     2
 Armour: Leather armour    |     2 |       ||     2
         Ring mail         |     4 |    12 ||    16
  Dodge: Dodged            |     8 |    21 ||    29

Table legend:
 A = Non-vault XP
 B = Vault XP
 C = Vault XP percentage of total XP
 D = Non-vault monster count
 E = Vault monster count
 F = Vault count percentage of total count
                 A         B        C        D         E       F
            +---------+---------+-------+---------+---------+-------
      Total |     159 |      35 |  18.0 |      36 |       1 |   2.7
            +---------+---------+-------+---------+---------+-------
        D:1 |      30 |       0 |   0.0 |      17 |       0 |   0.0
        D:2 |      43 |       0 |   0.0 |       9 |       0 |   0.0
        D:3 |      86 |      35 |  28.9 |      10 |       1 |   9.1
            +---------+---------+-------+---------+---------+-------
